 Dungeon Sprint DCSS version 0.31-a0-18-gea43df2a32 (webtiles) character file.

Game seed: 6162594101067191890

5154 sircluck the Brawler (level 10, -1/169 HPs)
             Began as a Troll Berserker on May 10, 2023.
             Was a High Priest of Trog.
             Succumbed to poison (dark miasma)
             ... in the Dungeon (Sprint II: "The Violet Keep of Menkaure").
             The game lasted 00:03:24 (389 turns).

sircluck the Brawler (Troll Berserker)               Turns: 389, Time: 00:03:24

Health: -1/169     AC:  4    Str: 31    XL:     10   Next: 33%
Magic:  9/9        EV: 13    Int:  3    God:    Trog [*****.]
Gold:   79         SH:  0    Dex:  9    Spells: 9/9 levels left

rFire   . .          .
                       - Unarmed
rCold   . . .        (no shield)
rNeg    . . .        a - +0 animal skin
rPois   .            (helmet restricted)
rElec   .            (no cloak)
rCorr   .            (gloves unavailable)
SInv    .            (boots unavailable)
Will    .....        (no amulet) Stlth
                     (no ring)
HPRegen 1.28/turn    (no ring)
MPRegen 0.11/turn

%: no teleportation
@: berserking (expiring), lethally poisoned (-1 -> -52), slowed
A: large, unfitting armour, claws 3, regeneration 1, shaggy fur 1, tough skin 1
a: Renounce Religion, Berserk, Trog's Hand, Brothers in Arms


You were in the Dungeon.
You worshipped Trog.
Trog was extremely pleased with you.
You visited 1 branch You collected 972 gold pieces.
You spent 893 gold pieces at shops.

Inventory:

Armour
 a - a +0 animal skin (worn)
 h - a +2 cloak of poison resistance
Scrolls
 g - a scroll of blinking
 i - a scroll of acquirement
 j - a scroll of magic mapping
Potions
 b - a potion of curing
 d - a potion of haste
 e - 2 potions of magic
 f - a potion of berserk rage


   Skills:
 + Level 11.0 Fighting
 + Level 11.4 Dodging
 + Level 0.7 Stealth
 + Level 16.9 Unarmed Combat


You had 9 spell levels left.
You didn't know any spells.
Your spell library was empty.

Dungeon Overview and Level Annotations

Branches:
Dungeon (1/1)

Altars:

Shops:
D :=!:[[??[*!=([(

Annotations:
D exclusions: oklob plant and orange crystal statue


Innate Abilities, Weirdness & Mutations

You are too large for most types of armour.
You have claws for hands.
Your natural rate of healing is unusually fast.
You are covered in fur. (AC +1)
You have tough skin. (AC +1)


Message History

You destroy the flying skull!
Trog accepts your kill.
You recover from your berserk rage.
Your Fighting skill increases to level 11!
Unknown command.
You mangle the flying skull!!
You destroy the flying skull!
Trog accepts your kill.
You barely miss the flying skull. The flying skull hits you!
* * * LOW HITPOINT WARNING * * *
A red film seems to cover your vision as you go berserk!
You feel yourself moving faster!
You feel mighty!
The flying skull hits you but does no damage.
The flying skull barely misses you.
You miss the flying skull.
You are engulfed in dark miasma.
You are poisoned.
* * * LOW HITPOINT WARNING * * *
You feel very sick. The flying skull misses you.
The flying skull completely misses you.
You scratch the flying skull. Your claw misses the flying skull.
The flying skull is lightly damaged.
You are engulfed in dark miasma.
You are more poisoned.
You feel extremely sick. The flying skull misses you.
You closely miss the flying skull.
The flying skull is lightly damaged.
You are engulfed in dark miasma.
You are lethally poisoned!
* * * LOW HITPOINT WARNING * * *
x2 You feel extremely sick.
The flying skull closely misses you.
You closely miss the flying skull.
The flying skull is lightly damaged.
You are engulfed in dark miasma.
You are more poisoned.
* * * LOW HITPOINT WARNING * * *
x2 You feel extremely sick.
The flying skull closely misses you.
You die...

c@5~## z§zz≈§#
##########~~#+++#zz§##
#########~~~....zzz..#
.....∩.∩#~~~~.##z##..#
....∩.∩.#~~~~##°#.##.####
...∩.∩..#~~~~#z###.#....#
....∩...#~~####z#°####..##
.⌠.∩....#~##.###°###.##..#
..∩.∩...#~#...##@##..##..#
...∩.∩..'~'.##÷.<.'##.'..##
....∩.∩.#~#...##.##..##....#
▓▓▓▓▓▓###~##.###'###.##§.....~~
HhH######~~####.).####~~.....~#


:hh#Y ##~~~#..#..#~~§~~~~..~# ∩PH+. #'#~##...##~~~~~~~§.~# $.$#$#
#)#~~##'##~~~≈≈≈§§~§~# !.. ## ####~~~~~~~~~~≈≈§§~~~# You could see 2 flying
skulls.

Vanquished Creatures
  Kirke (D)
  A yaktaur captain (D)
  A centaur warrior (D)
  A merfolk siren (D)
  A kobold demonologist (D)
  2 flying skulls (D)
  2 wyverns (D)
  A vampire mosquito (D)
  A water moccasin (D)
  4 necrophages (D)
  4 scorpions (D)
19 creatures vanquished.

Vanquished Creatures (collateral kills)
  7 flying skulls (D)
7 creatures vanquished.

Vanquished Creatures (others)
  Menkaure (D)
  A water moccasin (D)
2 creatures vanquished.

Grand Total: 28 creatures vanquished

Notes
Turn   | Place    | Note
-------+----------+-------------------------------------------
     0 | D        | sircluck the Troll Berserker began the quest for the Orb.
     0 | D        | Reached XP level 1. HP: 22/22 MP: 0/0
     1 | D        | Noticed a wyvern
     1 | D        | Noticed a wyvern
     9 | D        | Killed a wyvern
    10 | D        | Reached skill level 5 in Fighting
    10 | D        | Reached skill level 5 in Dodging
    10 | D        | Reached skill level 6 in Unarmed Combat
    10 | D        | Reached XP level 2. HP: 20/35 MP: 1/1
    10 | D        | Reached XP level 3. HP: 24/42 MP: 2/2
    10 | D        | Reached XP level 4. HP: 29/50 MP: 3/3
    11 | D        | Killed a wyvern
    12 | D        | Reached skill level 8 in Unarmed Combat
    12 | D        | Reached XP level 5. HP: 36/61 MP: 4/4
    12 | D        | Reached XP level 6. HP: 41/68 MP: 5/5
    45 | D        | Killed a water moccasin
    63 | D        | Noticed a merfolk siren
    75 | D        | Killed a merfolk siren
    75 | D        | Reached ** piety under Trog
    76 | D        | Reached skill level 9 in Unarmed Combat
    76 | D        | Reached XP level 7. HP: 78/80 MP: 6/6
   122 | D        | Noticed a flying skull
   123 | D        | Noticed a flying skull
   123 | D        | Noticed a flying skull
   123 | D        | Noticed a flying skull
   123 | D        | Noticed a flying skull
   123 | D        | Noticed a flying skull
   124 | D        | Noticed a flying skull
   138 | D        | Reached skill level 10 in Unarmed Combat
   143 | D        | Reached *** piety under Trog
   150 | D        | Reached skill level 11 in Unarmed Combat
   154 | D        | Reached **** piety under Trog
   155 | D        | Reached XP level 8. HP: 75/91 MP: 7/7
   161 | D        | Killed Menkaure
   185 | D        | Found Xekuiz's Armour Emporium.
   186 | D        | Found Ekluav's Antique Armour Shoppe.
   186 | D        | Found Wiwecal's Magic Scroll Emporium.
   186 | D        | Found Netrin's Book Shoppe.
   186 | D        | Found Mitothru's Magic Scroll Shoppe.
   186 | D        | Found Zaukh's Distillery.
   186 | D        | Found Atwirubb's Distillery.
   186 | D        | Found Ytouhec's Weapon Shoppe.
   186 | D        | Found Feojugro's Antique Armour Emporium.
   186 | D        | Found Dobud's Antique Weapon Shoppe.
   186 | D        | Found Biyggy's Assorted Antiques.
   187 | D        | Found Dawofiec's Jewellery Shoppe.
   188 | D        | Found Misob's Jewellery Shoppe.
   188 | D        | Found Qanabbub's Antique Armour Emporium.
   201 | D        | Noticed a flying skull
   203 | D        | Noticed a flying skull
   206 | D        | Noticed a flying skull
   206 | D        | Noticed a flying skull
   206 | D        | Noticed a flying skull
   248 | D        | Noticed an orange crystal statue
   273 | D        | Noticed a manticore
   275 | D        | Noticed an oklob plant
   276 | D        | Found Iroi's Book Shoppe.
   278 | D        | Noticed a manticore
   278 | D        | Noticed a manticore
   280 | D        | Bought a runed cloak for 127 gold pieces
   280 | D        | Noticed a death yak
   282 | D        | Bought a scroll of acquirement for 676 gold pieces
   288 | D        | Bought a scroll of magic mapping for 90 gold pieces
   309 | D        | Noticed a centaur warrior
   309 | D        | Noticed Kirke
   309 | D        | Noticed a kobold demonologist
   310 | D        | Noticed a yaktaur captain
   324 | D        | Noticed a manticore
   330 | D        | Noticed a manticore
   339 | D        | Killed Kirke
   340 | D        | Reached skill level 10 in Fighting
   340 | D        | Reached skill level 10 in Dodging
   340 | D        | Reached skill level 13 in Unarmed Combat
   340 | D        | Reached XP level 9. HP: 94/101 MP: 8/8
   343 | D        | Killed a yaktaur captain
   343 | D        | Reached ***** piety under Trog
   344 | D        | Reached skill level 14 in Unarmed Combat
   346 | D        | Killed a centaur warrior
   347 | D        | Reached skill level 15 in Unarmed Combat
   356 | D        | Killed a kobold demonologist
   375 | D        | Reached XP level 10. HP: 42/111 MP: 9/9
   376 | D        | Reached skill level 16 in Unarmed Combat
   380 | D        | Received a gift from Trog
   389 | D        | Succumbed to poison (dark miasma)

Illustrated notes

Levels and vault maps discovered:
D:        the_violet_keep_of_menkaure [sprint2_stairs_cluster_1,
          sprint2_shoproom, sprint2_temple, sprint2_basic_supplies,
          sprint2_obstacle_4, sprint2_obstacle_3, sprint2_obstacle_1,
          sprint2_obstacle_6, sprint2_obstacle_7, sprint2_timed_cluster_1,
          sprint2_smallroom_cluster_1, sprint2_smallroom_final_cluster_1,
          sprint2_transparent_cluster_1, sprint2_second_timed_cluster_1,
          sprint2_sniper_area_1, sprint2_heavy_combat_area_1,
          sprint2_mutation_trap_area_1, sprint2_forest_area_1,
          sprint2_light_combat_area_1, sprint2_behind_water_1,
          sprint2_near_end_vault_1]

Skill      XL: |  1  2  3  4  5  6  7  8  9 10 |
---------------+-------------------------------+-----
Fighting       | 5 6 8 10 11 | 11.0
Dodging        | 5 6 7 8 10 11 | 11.4
Unarmed Combat | 6 8 9 11 13 15 16 | 16.9
Stealth        | |  0.7

Action                     |  1- 3 |  4- 6 |  7- 9 | 10-12 || total
---------------------------+-------+-------+-------+-------++-------
  Melee: Unarmed           |     7 |    10 |    67 |    10 ||    94
         Punch             |       |       |     1 |     1 ||     2
 Invoke: Berserk           |     1 |     1 |     1 |     1 ||     4
         Brothers in Arms  |       |       |     1 |       ||     1
    Use: Potion            |       |       |     1 |       ||     1
 Armour: Animal skin       |     1 |       |     7 |     1 ||     9
  Dodge: Dodged            |     3 |     2 |    30 |    10 ||    45

Table legend: (Time is in decaauts)
 A = Elapsed time spent in this place.
 B = Non-inter-level travel time spent in this place.
 C = Inter-level travel time spent in this place.
 D = Time resting spent in this place.
 E = Time spent auto-exploring this place.
 F = Levels seen in this place.
 G = Mean time per level.
                   A        B        C        D        E       F      G
               +--------+--------+--------+--------+--------+-----+--------+
         Total |    401 |    333 |     68 |    116 |     30 |   1 |  401.0 |
       Dungeon |    401 |    333 |     68 |    116 |     30 |   1 |  401.0 |
               +--------+--------+--------+--------+--------+-----+--------+

Top non-repeatable levels by time:
       D: 401 daAuts
